| TOP OF THE 1ST |
|
New Hampshire Fisher Cats batting - Pitching for Montgomery Biscuits : RHP Steve Barrett
|
|
Pitching: RHP Steve Barrett
|
|
|
Batting: RHB Danny Alberto
|
0-0: Called Strike 0-1: Called Strike 0-2: Strikes out looking
|
|
Batting: RHB Donny Burnside
|
0-0: Ball 1-0: Ball 2-0: Ball 3-0: Called Strike 3-1: Base on Balls
|
|
Batting: LHB Jose Bregaro
|
0-0: Ball Donny Burnside is caught stealing 2nd base 2-6 1-0: Ball 2-0: Foul Ball, location: 2F 2-1: Foul Ball, location: 2F 2-2: Strikes out swinging
|
| Top of the 1st over - 0 runs, 0 hits, 0 errors, 0 left on base; New Hampshire 0 - Montgomery 0 |
| BOTTOM OF THE 1ST |
|
Montgomery Biscuits batting - Pitching for New Hampshire Fisher Cats : RHP Cody Walsh
|
|
Pitching: RHP Cody Walsh
|
|
|
Batting: LHB Davion Lewis
|
0-0: Called Strike 0-1: Ground out 6-3 (Groundball, 6D, EV 77.5 MPH)
|
|
Batting: LHB Austin Ohmer
|
0-0: Ground out 1-3 (Groundball, 13, EV 71.9 MPH)
|
|
Batting: RHB Steve French
|
0-0: Ball 1-0: Foul Ball, location: 2F 1-1: Foul Ball, location: 2F 1-2: Foul Ball, location: 2F 1-2: Ball 2-2: Ball 3-2: Foul Ball, location: 2F 3-2: DOUBLE (Line Drive, 78D, EV 105.0 MPH)
|
|
Batting: RHB Wing-kit Bu
|
0-0: Ball 1-0: Fly out, F8 (Line Drive, 8RM, EV 85.0 MPH)
|
| Bottom of the 1st over - 0 runs, 1 hit, 0 errors, 1 left on base; New Hampshire 0 - Montgomery 0 |
| TOP OF THE 2ND |
|
New Hampshire Fisher Cats batting - Pitching for Montgomery Biscuits : RHP Steve Barrett
|
|
Batting: SHB Eduardo Maldonado
|
0-0: Ball 1-0: Called Strike 1-1: Foul Ball, location: 2F 1-2: Strikes out swinging
|
|
Batting: RHB Lee McKay
|
0-0: Ball 1-0: Ball 2-0: Foul Ball, location: 2F 2-1: Ground out 5-3 (Groundball, 56S, EV 88.1 MPH)
|
|
Batting: LHB Rodrigo Briceno
|
0-0: Ball 1-0: Foul Ball, location: 2F 1-1: Called Strike 1-2: Foul Ball, location: 2F 1-2: Ball 2-2: Ball 3-2: Base on Balls
|
|
Batting: RHB Porter Welsh
|
0-0: Called Strike 0-1: Called Strike 0-2: Ball 1-2: Foul Ball, location: 2F 1-2: Ball 2-2: Ball 3-2: Strikes out looking
|
| Top of the 2nd over - 0 runs, 0 hits, 0 errors, 1 left on base; New Hampshire 0 - Montgomery 0 |
| BOTTOM OF THE 2ND |
|
Montgomery Biscuits batting - Pitching for New Hampshire Fisher Cats : RHP Cody Walsh
|
|
Batting: LHB David Seminario
|
0-0: Ball 1-0: Ball 2-0: Ball 3-0: Base on Balls
|
|
Batting: SHB Brett McEwen
|
0-0: Ball 1-0: Called Strike 1-1: Foul Ball, location: 2F 1-2: Ball 2-2: Strikes out swinging
|
|
Batting: RHB Sczlopy Hed
|
0-0: Ball 1-0: Foul Ball, location: 2F 1-1: Swinging Strike 1-2: Ball 2-2: Ball 3-2: Strikes out swinging
|
|
Batting: RHB Devin Brown
|
0-0: Called Strike 0-1: Swinging Strike 0-2: Foul Ball, location: 2F 0-2: Strikes out swinging, 2-3 out at first.
|
| Bottom of the 2nd over - 0 runs, 0 hits, 0 errors, 1 left on base; New Hampshire 0 - Montgomery 0 |
| TOP OF THE 3RD |
|
New Hampshire Fisher Cats batting - Pitching for Montgomery Biscuits : RHP Steve Barrett
|
|
Batting: RHB Jorge Baret
|
0-0: SOLO HOME RUN (Flyball, 7LD, EV 88.8 MPH), Distance : 332 ft
|
|
Batting: RHB Cyril Husson
|
0-0: Called Strike 0-1: Foul Ball, location: 2F 0-2: Fly out, F2 (Popup, 23F, EV 84.4 MPH)
|
|
Batting: RHB Danny Alberto
|
0-0: Ball 1-0: Ball 2-0: Called Strike 2-1: Ball 3-1: Fly out, F8 (Flyball, 8LS, EV 94.4 MPH)
|
|
Batting: RHB Donny Burnside
|
0-0: Ball 1-0: Called Strike 1-1: SINGLE (Groundball, 6D, EV 93.8 MPH)
|
|
Batting: LHB Jose Bregaro
|
0-0: Ball 1-0: Ball Donny Burnside steals 2nd base (no throw) 2-0: Ball 3-0: Called Strike 3-1: Ground out 2-3 (Groundball, 2L, EV 64.4 MPH)
|
| Top of the 3rd over - 1 run, 2 hits, 0 errors, 1 left on base; New Hampshire 1 - Montgomery 0 |
| BOTTOM OF THE 3RD |
|
Montgomery Biscuits batting - Pitching for New Hampshire Fisher Cats : RHP Cody Walsh
|
|
Batting: RHB Alfredo Moreno
|
0-0: Ball 1-0: Called Strike 1-1: Swinging Strike 1-2: Foul Ball, location: 2F 1-2: SINGLE (Groundball, P, EV 83.8 MPH) (infield hit)
|
|
Batting: LHB Davion Lewis
|
0-0: Called Strike Alfredo Moreno is caught stealing 2nd base 2-6 0-1: Foul Ball, location: 2F 0-2: Ball 1-2: Ground out U3 (Groundball, 3, EV 88.1 MPH)
|
|
Batting: LHB Austin Ohmer
|
0-0: Called Strike 0-1: Called Strike 0-2: Ball 1-2: Foul Ball, location: 2F 1-2: Foul Ball, location: 2F 1-2: SINGLE (Flyball, 6D, EV 91.9 MPH)
|
|
Batting: RHB Steve French
|
0-0: Ball 1-0: Foul Ball, location: 2F 1-1: Swinging Strike 1-2: Foul Ball, location: 2F 1-2: Ball 2-2: Strikes out swinging
|
| Bottom of the 3rd over - 0 runs, 2 hits, 0 errors, 1 left on base; New Hampshire 1 - Montgomery 0 |
| TOP OF THE 4TH |
|
New Hampshire Fisher Cats batting - Pitching for Montgomery Biscuits : RHP Steve Barrett
|
|
Batting: SHB Eduardo Maldonado
|
0-0: Ball 1-0: Foul Ball, location: 2F 1-1: SINGLE (Groundball, 4MS, EV 62.5 MPH) (infield hit)
|
|
Batting: RHB Lee McKay
|
0-0: Called Strike Eduardo Maldonado steals 2nd base 0-1: Called Strike 0-2: Ball 1-2: Foul Ball, location: 2F 1-2: Ball 2-2: Ball 3-2: Foul Ball, location: 2F 3-2: Foul Ball, location: 2F 3-2: Base on Balls
|
|
Batting: LHB Rodrigo Briceno
|
0-0: Ball 1-0: SINGLE (Line Drive, 34D, EV 93.8 MPH) Eduardo Maldonado to third Lee McKay to second
|
|
Batting: RHB Porter Welsh
|
0-0: Swinging Strike 0-1: Grounds into double play, 1-2-3 (Groundball, 15S, EV 70.6 MPH) Lee McKay to third Rodrigo Briceno to second
|
|
Batting: RHB Jorge Baret
|
0-0: Foul Ball, location: 2F 0-1: Foul Ball, location: 2F 0-2: Ball 1-2: Foul Ball, location: 2F 1-2: Foul Ball, location: 2F 1-2: Foul Ball, location: 2F 1-2: Foul Ball, location: 2F 1-2: Foul Ball, location: 2F 1-2: Ball 2-2: Strikes out swinging
|
| Top of the 4th over - 0 runs, 2 hits, 0 errors, 2 left on base; New Hampshire 1 - Montgomery 0 |
| BOTTOM OF THE 4TH |
|
Montgomery Biscuits batting - Pitching for New Hampshire Fisher Cats : RHP Cody Walsh
|
|
Batting: RHB Wing-kit Bu
|
0-0: Called Strike 0-1: Ball 1-1: Foul Ball, location: 2F 1-2: Ground out 6-3 (Groundball, 6, EV 89.4 MPH)
|
|
Batting: LHB David Seminario
|
0-0: Ground out U3 (Groundball, 34S, EV 85.6 MPH)
|
|
Batting: SHB Brett McEwen
|
0-0: Ball 1-0: Ball 2-0: Ball 3-0: Called Strike 3-1: Base on Balls
|
|
Batting: RHB Sczlopy Hed
|
0-0: Ball 1-0: Swinging Strike 1-1: Ground out 4-3 (Groundball, 34, EV 102.5 MPH)
|
| Bottom of the 4th over - 0 runs, 0 hits, 0 errors, 1 left on base; New Hampshire 1 - Montgomery 0 |
| TOP OF THE 5TH |
|
New Hampshire Fisher Cats batting - Pitching for Montgomery Biscuits : RHP Steve Barrett
|
|
Batting: RHB Cyril Husson
|
0-0: Called Strike 0-1: Foul Ball, location: 2F 0-2: Foul Ball, location: 2F 0-2: Ball 1-2: Ball 2-2: Ball 3-2: Base on Balls
|
|
Batting: RHB Danny Alberto
|
0-0: Ball Cyril Husson is caught stealing 2nd base 2-4 1-0: Swinging Strike 1-1: Swinging Strike 1-2: Foul Ball, location: 2F 1-2: Strikes out looking
|
|
Batting: RHB Donny Burnside
|
0-0: Called Strike 0-1: Fly out, F7 (Flyball, 7LM, EV 80.6 MPH)
|
| Top of the 5th over - 0 runs, 0 hits, 0 errors, 0 left on base; New Hampshire 1 - Montgomery 0 |
| BOTTOM OF THE 5TH |
|
Montgomery Biscuits batting - Pitching for New Hampshire Fisher Cats : RHP Cody Walsh
|
|
Batting: RHB Devin Brown
|
0-0: Ground out 6-3 (Groundball, 6, EV 106.9 MPH)
|
|
Batting: RHB Alfredo Moreno
|
0-0: Ball 1-0: Foul Ball, location: 2F 1-1: Ground out 6-3 (Groundball, 4M, EV 82.5 MPH)
|
|
Batting: LHB Davion Lewis
|
0-0: Ball 1-0: Ball 2-0: Foul Ball, location: 2F 2-1: Ball 3-1: Base on Balls
|
|
Batting: LHB Austin Ohmer
|
0-0: Ball 1-0: Swinging Strike 1-1: Ball 2-1: Ball 3-1: Base on Balls Davion Lewis to second
|
|
Batting: RHB Steve French
|
0-0: Called Strike 0-1: Swinging Strike 0-2: Strikes out looking
|
| Bottom of the 5th over - 0 runs, 0 hits, 0 errors, 2 left on base; New Hampshire 1 - Montgomery 0 |
| TOP OF THE 6TH |
|
New Hampshire Fisher Cats batting - Pitching for Montgomery Biscuits : RHP Steve Barrett
|
|
Batting: LHB Jose Bregaro
|
0-0: Ball 1-0: SINGLE (Line Drive, 56, EV 106.3 MPH)
|
|
Batting: SHB Eduardo Maldonado
|
0-0: Ball Jose Bregaro steals 2nd, throwing error, E2 Jose Bregaro to third 1-0: SINGLE (Groundball, 34D, EV 105.6 MPH) Jose Bregaro scores
|
|
Batting: RHB Lee McKay
|
0-0: Ball 1-0: Foul Ball, location: 2F 1-1: Ball 2-1: TRIPLE (Line Drive, 8LXD, EV 105.6 MPH) Eduardo Maldonado scores
|
|
Batting: LHB Rodrigo Briceno
|
0-0: Ball 1-0: Ball 2-0: Called Strike 2-1: Called Strike 2-2: Ball 3-2: SINGLE (Groundball, 4MD, EV 101.9 MPH) Lee McKay scores
|
|
Batting: RHB Porter Welsh
|
0-0: Ball 1-0: Ball 2-0: Swinging Strike 2-1: Foul Ball, location: 2F 2-2: Foul Ball, location: 2F 2-2: Foul Ball, location: 2F 2-2: Foul Ball, location: 2F 2-2: Grounds into double play, 6-4-3 (Groundball, 6, EV 101.9 MPH)
|
|
Batting: RHB Jorge Baret
|
0-0: Ball 1-0: Swinging Strike 1-1: Ball 2-1: Ground out 1-3 (Groundball, 23, EV 66.3 MPH)
|
| Top of the 6th over - 3 runs, 4 hits, 1 error, 0 left on base; New Hampshire 4 - Montgomery 0 |
| BOTTOM OF THE 6TH |
|
Montgomery Biscuits batting - Pitching for New Hampshire Fisher Cats : RHP Cody Walsh
|
|
Batting: RHB Wing-kit Bu
|
0-0: Called Strike 0-1: Ball 1-1: Foul Ball, location: 2F 1-2: SINGLE (Groundball, 4M, EV 106.3 MPH) (infield hit)
|
|
Batting: LHB David Seminario
|
0-0: Ball 1-0: Called Strike Wing-kit Bu steals 2nd base 1-1: Ball 2-1: Foul Ball, location: 2F 2-2: Ball 3-2: Fly out, F7 (Flyball, 78M, EV 87.5 MPH)
|
|
Batting: SHB Brett McEwen
|
0-0: Ball 1-0: Ball 2-0: Called Strike 2-1: Called Strike 2-2: SINGLE (Groundball, 34D, EV 93.8 MPH) Wing-kit Bu to third Runner from 3rd tries for Home, SAFE, throw by RF to home
|
|
Pitching: RHP Niclas Boman
|
|
|
Batting: RHB Sczlopy Hed
|
0-0: Called Strike 0-1: Ball 1-1: Swinging Strike 1-2: Fly out, F8 (Flyball, 8LS, EV 93.1 MPH)
|
|
Batting: RHB Devin Brown
|
0-0: Ball 1-0: Ball 2-0: Fly out, F1 (Popup, P, EV 90.0 MPH)
|
| Bottom of the 6th over - 1 run, 2 hits, 0 errors, 1 left on base; New Hampshire 4 - Montgomery 1 |
| TOP OF THE 7TH |
|
New Hampshire Fisher Cats batting - Pitching for Montgomery Biscuits : RHP Steve Barrett
|
|
Pitching: RHP Joey Morrison
|
|
|
Batting: RHB Cyril Husson
|
0-0: Called Strike 0-1: Ball 1-1: Called Strike 1-2: Strikes out swinging
|
|
Batting: RHB Danny Alberto
|
0-0: SINGLE (Groundball, 4M, EV 95.0 MPH)
|
|
Batting: RHB Donny Burnside
|
0-0: Called Strike Danny Alberto steals 2nd base 0-1: Foul Ball, location: 2F 0-2: Ball 1-2: Ball 2-2: Ball 3-2: Ground out 6-3 (Groundball, 6, EV 85.6 MPH) Danny Alberto to third
|
|
Batting: LHB Jose Bregaro
|
0-0: SINGLE (Line Drive, 34, EV 103.8 MPH) Danny Alberto scores
|
|
Batting: SHB Eduardo Maldonado
|
0-0: Ball 1-0: Foul Ball, location: 2F 1-1: Ball Jose Bregaro steals 2nd base (no throw) 2-1: Called Strike 2-2: Ground out U3 (Groundball, 3, EV 91.3 MPH)
|
| Top of the 7th over - 1 run, 2 hits, 0 errors, 1 left on base; New Hampshire 5 - Montgomery 1 |
| BOTTOM OF THE 7TH |
|
Montgomery Biscuits batting - Pitching for New Hampshire Fisher Cats : RHP Niclas Boman
|
|
Batting: RHB Alfredo Moreno
|
0-0: Ground out 5-3 (Groundball, 56, EV 106.9 MPH)
|
|
Batting: LHB Davion Lewis
|
0-0: Called Strike 0-1: Ball 1-1: Ball 2-1: Foul Ball, location: 2F 2-2: Foul Ball, location: 2F 2-2: Foul Ball, location: 2F 2-2: Strikes out swinging
|
|
Batting: LHB Austin Ohmer
|
0-0: Ball 1-0: Ball 2-0: Fly out, F9 (Line Drive, 9, EV 111.3 MPH)
|
| Bottom of the 7th over - 0 runs, 0 hits, 0 errors, 0 left on base; New Hampshire 5 - Montgomery 1 |
| TOP OF THE 8TH |
|
New Hampshire Fisher Cats batting - Pitching for Montgomery Biscuits : RHP Joey Morrison
|
|
Pitching: RHP Francisco Reyes
|
|
|
Batting: RHB Lee McKay
|
0-0: Reached on error, E6 (Groundball, 56, EV 96.9 MPH)
|
|
Batting: LHB Rodrigo Briceno
|
0-0: Fly out, F8 (Flyball, 8LD, EV 96.3 MPH)
|
|
Batting: RHB Porter Welsh
|
0-0: Called Strike 0-1: Hit by Pitch
|
|
Batting: RHB Jorge Baret
|
0-0: Called Strike Lee McKay steals 3rd base Porter Welsh to second 0-1: Called Strike 0-2: Ball 1-2: Ground out 6-3 (Groundball, 6, EV 90.0 MPH) Lee McKay scores Porter Welsh to third
|
|
Batting: RHB Cyril Husson
|
0-0: Ball 1-0: Fly out, F3 (Popup, 34S, EV 68.1 MPH)
|
| Top of the 8th over - 1 run, 0 hits, 1 error, 1 left on base; New Hampshire 6 - Montgomery 1 |
| BOTTOM OF THE 8TH |
|
Montgomery Biscuits batting - Pitching for New Hampshire Fisher Cats : RHP Niclas Boman
|
|
Batting: RHB Steve French
|
0-0: Swinging Strike 0-1: Ball 1-1: Ball 2-1: Ball 3-1: Called Strike 3-2: Fly out, F9 (Flyball, 89S, EV 81.9 MPH)
|
|
Batting: RHB Wing-kit Bu
|
0-0: Called Strike 0-1: Ball 1-1: Called Strike 1-2: Ball 2-2: Strikes out swinging
|
|
Batting: LHB David Seminario
|
0-0: Called Strike 0-1: Foul Ball, location: 2F 0-2: Ball 1-2: Strikes out looking
|
| Bottom of the 8th over - 0 runs, 0 hits, 0 errors, 0 left on base; New Hampshire 6 - Montgomery 1 |
| TOP OF THE 9TH |
|
New Hampshire Fisher Cats batting - Pitching for Montgomery Biscuits : RHP Francisco Reyes
|
|
Batting: RHB Danny Alberto
|
0-0: Foul Ball, location: 2F 0-1: Called Strike 0-2: Ball 1-2: Strikes out swinging
|
|
Batting: RHB Donny Burnside
|
0-0: Ball 1-0: Foul Ball, location: 2F 1-1: Ground out 4-3 (Groundball, 4, EV 90.6 MPH)
|
|
Batting: LHB Jose Bregaro
|
0-0: Called Strike 0-1: Ball 1-1: Foul Ball, location: 2F 1-2: Strikes out swinging
|
| Top of the 9th over - 0 runs, 0 hits, 0 errors, 0 left on base; New Hampshire 6 - Montgomery 1 |
| BOTTOM OF THE 9TH |
|
Montgomery Biscuits batting - Pitching for New Hampshire Fisher Cats : RHP Niclas Boman
|
|
Batting: SHB Brett McEwen
|
0-0: Foul Ball, location: 2F 0-1: Ball 1-1: Called Strike 1-2: Foul Ball, location: 2F 1-2: Fly out, F7 (Flyball, 78D, EV 84.4 MPH)
|
|
Pitching: RHP Andy Lee
|
|
|
Batting: RHB Sczlopy Hed
|
0-0: Ball 1-0: Ball 2-0: Swinging Strike 2-1: Swinging Strike 2-2: Strikes out swinging
|
|
Batting: RHB Devin Brown
|
0-0: Ball 1-0: Called Strike 1-1: Swinging Strike 1-2: Ball 2-2: Foul Ball, location: 2F 2-2: Strikes out swinging
|
| Bottom of the 9th over - 0 runs, 0 hits, 0 errors, 0 left on base; New Hampshire 6 - Montgomery 1 |
|